Croesus, chaotic male elven Ranger I I I I I I ^ ^ ^^ ^ ^ ------- . ^ ^ ^^ |....)|2.. ^ ^ ^ ^ |@...%[.. ^ ^ ^ ^ ^ |.@..)|%.. |..@D.| . 2 |.2-)---- |.2|L@).| 4 2 |..|))^.| --------- Croesus the Reconnoiterer Experience level: 10 Strength: 18 Dexterity: 16 Constitution: 16 Intelligence: 14 Wisdom: 16 Charisma: 8 Health: 0(81) Energy: 91(91) Def: 25 Gold: 0 Moves: 24747 Dungeon seed: yPdeVeYdXTNRVkRU Game ID: Croesus_1561803737 Your Inventory: Weapons c - 14 uncursed +2 elven arrows e - an uncursed +1 elven bow (alternate weapon; not wielded) j - an uncursed +0 thirsty dwarvish short sword (weapon in hand) B - an uncursed +0 silver saber M - 42 uncursed +0 arrows (in quiver) Armor n - a blessed +0 dwarvish iron helm (being worn) r - an uncursed +0 pair of leather gloves (being worn) y - a blessed greased +0 shield of reflection (being worn) E - an uncursed very burnt +2 elven cloak (being worn) N - an uncursed +0 pair of high boots (being worn) Q - a blessed greased +2 gray dragon scale mail (being worn) Comestibles C - an uncursed male lizard corpse V - an uncursed tripe ration Rings v - an uncursed ring of warning (on left hand) Wands i - an uncursed wand of striking (0:4) s - a blessed wand of undead turning (0:8) U - an uncursed wand of striking (0:4) X - an uncursed wand of slow monster (0:2) Z - an uncursed wand of slow monster (0:6) Tools b - a blessed bag of holding k - an uncursed lock pick l - a blessed magic lamp (lit) u - an uncursed +0 unicorn horn w - a blessed magic whistle A - an uncursed expensive camera (0:82) D - an uncursed frost horn (0:4) T - an uncursed blindfold Gems q - an uncursed luckstone Contents of the bag of holding: 40 uncursed +0 arrows an uncursed +0 bec de corbin 2 uncursed +3 darts 110 uncursed +0 darts an uncursed +0 dart of frost an uncursed +1 elven arrow an uncursed +1 elven dagger an uncursed +0 knife of frost an uncursed +0 short sword an uncursed +0 sling an uncursed +0 spear of lightning an uncursed +0 mummy wrapping an uncursed +0 pair of leather gloves a blessed +0 small shield 2 uncursed K-rations an uncursed carrot an uncursed clove of garlic 2 uncursed food rations 3 uncursed lembas wafers an uncursed male lizard corpse an uncursed melon an uncursed pear 2 uncursed scrolls of confuse monster 3 uncursed scrolls of earth an uncursed scroll of food detection an uncursed scroll of genocide an uncursed scroll of light a cursed scroll of magic mapping an uncursed scroll of punishment a blessed scroll of summoning a blessed scroll of teleportation a blessed potion of enlightenment an uncursed potion of extra healing an uncursed potion of full healing an uncursed potion of gain ability an uncursed potion of healing 2 potions of holy water an uncursed potion of invisibility a cursed potion of object detection an uncursed potion of polymorph an uncursed potion of speed a potion of unholy water a blessed +1 ring of carrying an uncursed +1 ring of carrying an uncursed wand of digging (0:3) an uncursed wand of digging (0:3) an uncursed wand of polymorph (0:3) an uncursed wand of polymorph (0:2) an uncursed wand of probing (0:5) an uncursed wand of undead turning (0:6) an uncursed magic flute (0:4) an uncursed magic lamp an uncursed +0 pick-axe an uncursed +0 unicorn horn 5 uncursed amethyst stones an uncursed aquamarine stone 3 uncursed diamonds 4 uncursed emeralds an uncursed flint stone an uncursed fluorite stone an uncursed jasper stone an uncursed jet stone 2 uncursed opals 2 uncursed rubies an uncursed topaz stone 5 uncursed worthless pieces of black glass an uncursed worthless piece of green glass 3 uncursed worthless pieces of orange glass 6 uncursed worthless pieces of red glass 2 uncursed worthless pieces of violet glass an uncursed worthless piece of yellow glass 6 uncursed worthless pieces of yellowish brown glass 4422 gold pieces Spells and supernatural/magical abilities: Name Level Category Cost Memory e - charm monster 3 enchantment 3000pw 88% f - fireball 4 attack 4000pw 67% h - healing 1 healing 1000pw 91% l - light 1 divination 1000pw 87% m - magic missile 2 attack 2000pw 90% n - detect monsters 1 divination 1000pw 95% o - cone of cold 4 attack 4000pw 95% w - wizard lock 2 matter 2000pw 64% B - cure blindness 2 healing 2000pw 80% G - detect treasure 4 divination 4000pw 95% W - pray for help -- divine ? -- Your skills at the end: Fighting Skills wands [Basic] Weapon Skills dagger [Skilled] short sword [Basic] bow [Expert] Spellcasting Skills Final Attributes: You had transgressed. You were cold resistant. You were immune to sleep. You were poison resistant. You were magic resistant. You saw invisible. You were telepathic. You were warned. You had automatic searching. You had infravision. You were stealthy. You were protected. You were fast. You had reflection. You were lucky. You had extra luck. Bad luck did not time out for you. Good luck did not time out for you. You last prayed 1589 turns ago. Mars was very pleased with you. You are dead. Vanquished creatures: a titanothere a baby silver dragon 2 vampires 2 watch captains 3 giant mimics 2 zruties a large mimic 3 long worms 3 stalkers 9 sergeants 2 wargs a winter wolf 3 small mimics a warhorse 3 xans 4 ettin mummies 2 quantum mechanics a pyrolisk 2 large dogs 2 freezing spheres a flaming sphere a shocking sphere 4 large cats 4 tigers 2 dwarf kings 2 leocrottas an elf mummy a human mummy 2 wraiths an ettin zombie 35 soldiers 3 watchmen an incubus a chameleon a crocodile 3 giant beetles 2 quivering blobs 4 cockatrices 4 wolves a panther 3 spotted jellies 3 leprechauns 2 orc-captains a mumak 4 giant spiders 3 scorpions 2 horses an ice vortex a black light 2 vampire bats a forest centaur 5 gnome kings an orc mummy 4 dwarf mummies 3 brown puddings 4 rust monsters 3 owlbears a yeti 2 lizards 5 chickatrices 5 dogs 2 dingos a jaguar 4 dwarf lords 2 blue jellies 3 white unicorns 4 gray unicorns a black unicorn a dust vortex a raven a plains centaur 2 gnome mummies 4 snakes a human zombie 2 rope golems 2 Woodland-elves 7 soldier ants 4 bugbears a water nymph a mountain nymph 12 Mordor orcs 5 rock piercers 4 rock moles 3 ponies 4 fog clouds 3 yellow lights 4 shriekers 7 violet fungi 16 gnome lords 6 gnomish wizards 2 kobold mummies a red naga hatchling 2 black naga hatchlings a golden naga hatchling 5 gray oozes a barrow wight 2 elf zombies 3 ghouls 4 straw golems a baby crocodile 13 giant ants 3 little dogs 8 floating eyes 6 kittens 21 dwarves a homunculus a kobold lord a kobold shaman 43 hill orcs 12 rothes 2 rabid rats 3 centipedes 5 giant bats 5 monkeys 6 orc zombies 8 dwarf zombies a wererat 9 iguanas 11 acid blobs 8 coyotes 3 gas spores 4 hobbits 9 manes a large kobold 3 hobgoblins 4 giant rats 7 cave spiders 4 brown molds a yellow mold 2 green molds a red mold 66 gnomes 3 garter snakes 7 gnome zombies 11 geckos 10 jackals 8 foxes 2 kobolds 9 goblins 6 sewer rats 14 grid bugs 6 bats 9 lichens a kobold zombie 11 newts 677 creatures vanquished. Voluntary challenges: You used a wielded weapon 1118 times, starting on turn 71. You read items or engraved 107 times, starting on turn 2799. You never genocided any monsters. You polymorphed 4 items, starting on turn 24267. You never changed form. You used 2 wishes, starting on turn 2342. You did not wish for any artifacts. You never split a pudding. You wrote Elbereth's name 21 times, starting on turn 2947. You violated your moral code, losing 241 points of alignment, starting on turn 16982. Dungeon overview: The Dungeons of Doom: levels 1 to 12 Level 1 some fountains a long staircase Level 2 a potion shop, a vault stairs to The Gnomish Mines Level 3 some fountains Level 4 a fountain Level 5 an altar to Mercury, some fountains Level 6 a general store, an altar to Mars Level 7 Level 8 many fountains Level 9 some fountains stairs to Sokoban Level 10 a fountain, a vault Level 11 a fountain, a sink, a vault portal to Fort Ludios Level 12 The Gnomish Mines: levels 3 to 11 Level 3 stairs to The Dungeons of Doom Level 4 Level 5 many shops, a temple to Mars, a fountain, some trees Level 6 Level 7 Level 8 Level 9 Level 10 Level 11 some fountains Sokoban: levels 5 to 8 Level 5 Solved Level 6 Solved Level 7 Solved Level 8 Solved stairs to The Dungeons of Doom Fort Ludios: Level 1 <- You were here portal to The Dungeons of Doom History has recorded: On T:1 you entered the Dungeons of Doom to retrieve the Amulet of Yendor! On T:200 you reached level 2 of The Dungeons of Doom. On T:375 you reached level 3 of The Dungeons of Doom. On T:525 you reached level 1 of The Gnomish Mines. On T:777 you advanced to experience level 2. On T:879 you reached level 4 of The Dungeons of Doom. On T:1324 you reached level 5 of The Dungeons of Doom. On T:1442 you reached level 6 of The Dungeons of Doom. On T:1775 you reached level 7 of The Dungeons of Doom. On T:1880 you reached level 8 of The Dungeons of Doom. On T:1909 you advanced to experience level 3. On T:1935 you advanced to experience level 4. On T:1947 you advanced to experience level 5. On T:2113 you reached level 9 of The Dungeons of Doom. On T:2342 you wished for "blessed greased +2 gray dragon scale mail". On T:2579 you reached level 4 of Sokoban. On T:3044 you advanced to experience level 6. On T:3305 you reached level 3 of Sokoban. On T:3686 you advanced to experience level 7. On T:4407 you reached level 2 of Sokoban. On T:4969 you reached level 1 of Sokoban. On T:7015 you advanced to experience level 8. On T:8851 you reached level 3 of The Gnomish Mines. On T:8860 you reached level 2 of The Gnomish Mines. On T:10176 you reached level 4 of The Gnomish Mines. On T:13296 you advanced to experience level 9. On T:13754 you reached level 10 of The Dungeons of Doom. On T:13851 you reached level 11 of The Dungeons of Doom. On T:14075 you reached level 12 of The Dungeons of Doom. On T:16950 you reached Fort Ludios. On T:18734 you reached level 5 of The Gnomish Mines. On T:18997 you reached level 6 of The Gnomish Mines. On T:20246 you reached level 7 of The Gnomish Mines. On T:20935 you reached level 8 of The Gnomish Mines. On T:20951 you reached level 9 of The Gnomish Mines. On T:24059 you wished for "blessed greased fixed shield of reflection". On T:24267 you advanced to experience level 10. Score breakdown: Gold: 4422 (12401 points) Experience: 10 levels (16712 points) Exploration: 21 levels ( 42.00%) (19166 points) Discoveries: 79 items ( 26.78%) (15524 points) Valuables value: (no points given unless you survive) Artifact value: 0 ( 0 points) Variety of kills: 145 monsters ( 38.16%) (18531 points) Turncount: 24747 turns (-3717 points) Survival: died (score multiplied by 80%) Total score: 62893 Latest messages: The yellow dragon is caught in the splash of acid! The sergeant is caught in the splash of acid! The soldier is caught in the splash of acid! The yellow dragon is caught in the splash of acid! The sergeant is caught in the splash of acid! The sergeant is killed! Vega is caught in the splash of acid! Vega resists the splash of acid! You are caught in the splash of acid! The soldier is caught in the splash of acid! The yellow dragon is caught in the splash of acid! Vega is caught in the splash of acid! Vega resists the splash of acid! You are caught in the splash of acid! The soldier is caught in the splash of acid! The yellow dragon is caught in the splash of acid! Vega is caught in the splash of acid! Vega resists the splash of acid! You are caught in the splash of acid! Vega is caught in the splash of acid! Vega resists the splash of acid! You are caught in the splash of acid! Final status: Goodbye Croesus the Ranger, killed by a yellow dragon's splash of acid... You died in Fort Ludios with 62893 points, and 4422 pieces of gold, after 24747 moves. You were level 10 with a maximum of 81 hit points when you died.